[Event "European Online Club-ch-G 2021"]
[Site "Online"]
[Date "2021.03.27"]
[Round "8.6"]
[White "Stalmach, Richard"]
[Black "Najer, Evgeniy"]
[Result "0-1"]
[ECO "E48"]
[WhiteElo "2296"]
[BlackElo "2648"]
[Annotator "ChessBase"]
[PlyCount "142"]
[EventDate "2021.03.27"]
[EventType "team-tourn"]
[EventCountry "NET"]
[SourceTitle "playchess.com"]
[Source "ChessBase"]
[SourceQuality "1"]
[TimeControl "900+5"]

1. d4 Nf6 2. c4 e6 3. Nc3 Bb4 4. e3 O-O 5. Bd3 c5 6. Nge2 d5 7. a3 Ba5 8. dxc5 dxc4 9. Bxc4 Qxd1+ 10. Kxd1 Ng4 11. Ke1 Ne5 12. Ba2 Nd3+ 13. Kf1 Rd8 14. b4 Bc7 15. f4 b6 16. Nb5 Na6 17. c6 Ndxb4 18. Ned4 Nxc6 19. Bb2 Bb7 20. Rc1 Nxd4 21. Bxd4 Bd6 22. Nxd6 Rxd6 23. Ke2 Nc5 24. Rhg1 Rad8 25. g4 Kf8 26. f5 e5 27. Bc3 Ba6+ 28. Kf3 Bb7+ 29. Ke2 f6 30. Bc4 Ba6 31. Bxa6 Nxa6 32. Rc2 Kf7 33. g5 Rc6 34. Rd2 Rxd2+ 35. Bxd2 Nc5 36. g6+ hxg6 37. fxg6+ Ke6 38. h4 Rc8 39. Kf3 Rh8 40. Kg4 f5+ 41. Kh3 Ne4 42. Be1 Kf6 43. Rg2 Rh6 44. Rc2 Rxg6 45. Rc6+ Kf7 46. Rc7+ Ke6 47. Rc6+ Kf7 48. Rc7+ Ke6 49. Rc6+ Nd6 50. Rc7 f4 51. exf4 exf4 52. Rxa7 f3 53. Ra6 Nc4 54. Ra4 Kd5 55. Rb4 Rg2 56. Bg3 Rg1 57. Bf2 Rg2 58. Bg3 Ra2 59. Rb5+ Ke4 60. Rb4 Kd4 61. a4 f2 62. Rb1 Ne3 63. Bxf2 Rxf2 64. Rxb6 Rf3+ 65. Kh2 Nf5 66. a5 Ra3 67. a6 Ke4 68. Rg6 Kf4 69. h5 Ra2+ 70. Kh3 Ra5 71. Kg2 Nh4+ 0-1

[Event "European Online Club-ch-G 2021"]
[Site "Online"]
[Date "2021.03.27"]
[Round "8.7"]
[White "Kobalia, Mikhail"]
[Black "Gnojek, Petr"]
[Result "1/2-1/2"]
[ECO "C00"]
[WhiteElo "2587"]
[BlackElo "2267"]
[Annotator "ChessBase"]
[PlyCount "96"]
[EventDate "2021.03.27"]
[EventType "team-tourn"]
[EventCountry "NET"]
[SourceTitle "playchess.com"]
[Source "ChessBase"]
[SourceQuality "1"]
[TimeControl "900+5"]

1. e4 c5 2. Nf3 e6 3. g3 Nc6 4. Bg2 d6 5. O-O Nf6 6. Qe2 Be7 7. c3 e5 8. Rd1 O-O 9. Na3 a6 10. d4 cxd4 11. cxd4 Bg4 12. dxe5 Nxe5 13. Bf4 Nfd7 14. Nc4 Nxc4 15. Qxc4 Qb6 16. Qd4 Qxd4 17. Rxd4 Bxf3 18. Bxf3 Ne5 19. Be2 Rac8 20. Rad1 Rc2 21. R4d2 Rfc8 22. Rxc2 Rxc2 23. Rd2 Rc7 24. Be3 Kf8 25. b3 Ke8 26. f4 Nd7 27. Kf2 Nf6 28. Bf3 b5 29. Ke2 g6 30. Kd3 Nd7 31. Rc2 Nc5+ 32. Ke2 Ne6 33. Rxc7 Nxc7 34. Kd3 Kd7 35. Bg4+ Kc6 36. b4 d5 37. exd5+ Nxd5 38. a3 Nxe3 39. Kxe3 Bf6 40. Bf3+ Kd6 41. Bb7 Bb2 42. Kd3 Bxa3 43. Kc3 Bc1 44. Bxa6 Kc6 45. Kd3 Ba3 46. Kc3 Bc1 47. Kd3 Ba3 48. Kc3 Bc1 1/2-1/2

[Event "European Online Club-ch-G 2021"]
[Site "Online"]
[Date "2021.03.27"]
[Round "8.8"]
[White "Paseka, Matyas"]
[Black "Murzin, Volodar"]
[Result "0-1"]
[ECO "B93"]
[WhiteElo "2069"]
[BlackElo "2478"]
[Annotator "ChessBase"]
[PlyCount "60"]
[EventDate "2021.03.27"]
[EventType "team-tourn"]
[EventCountry "NET"]
[SourceTitle "playchess.com"]
[Source "ChessBase"]
[SourceQuality "1"]
[TimeControl "900+5"]

1. e4 c5 2. Nf3 d6 3. d4 cxd4 4. Nxd4 Nf6 5. Nc3 a6 6. f4 Nbd7 7. Bc4 Qc7 8. Bb3 Nc5 9. Nd5 Nxd5 10. exd5 Nxb3 11. Nxb3 Bf5 12. Nd4 Be4 13. Nf3 Qxc2 14. Qxc2 Bxc2 15. Kf2 Be4 16. Rd1 Rc8 17. Ke3 Bc2 18. Rd2 g6 19. Nd4 Ba4 20. b3 Bd7 21. Bb2 Bg7 22. Re1 Bf6 23. Kf3 Kd8 24. g4 Re8 25. g5 Bh8 26. Re3 Rc5 27. Ba3 Rxd5 28. Red3 e5 29. fxe5 dxe5 30. Nc2 e4+ 0-1

[Event "European Online Club-ch-G 2021"]
[Site "Online"]
[Date "2021.03.27"]
[Round "8.9"]
[White "Jobava, Baadur"]
[Black "Sevdimaliyev, Urfan"]
[Result "1-0"]
[ECO "B32"]
[WhiteElo "2603"]
[BlackElo "2369"]
[Annotator "ChessBase"]
[PlyCount "49"]
[EventDate "2021.03.27"]
[EventType "team-tourn"]
[EventCountry "NET"]
[SourceTitle "playchess.com"]
[Source "ChessBase"]
[SourceQuality "1"]
[TimeControl "900+5"]

1. e4 c5 2. Nf3 Nc6 3. d4 cxd4 4. Nxd4 e5 5. Nb5 d6 6. c4 Be7 7. Bd3 a6 8. N5c3 Be6 9. O-O Rc8 10. Be3 Bg5 11. Nd5 Bxe3 12. fxe3 Qg5 13. Nbc3 Nge7 14. Rf3 O-O 15. Rg3 Qh6 16. Qb3 Rb8 17. Rf1 Ng6 18. Qb6 Qh4 19. b4 Qd8 20. a3 Qxb6 21. Nxb6 Nge7 22. Ncd5 Nc8 23. Nd7 Bxd7 24. Nf6+ Kh8 25. Nxd7 1-0

[Event "European Online Club-ch-G 2021"]
[Site "Online"]
[Date "2021.03.27"]
[Round "8.10"]
[White "Babayev, Talib"]
[Black "Dreev, Aleksey"]
[Result "0-1"]
[ECO "B45"]
[WhiteElo "2282"]
[BlackElo "2647"]
[Annotator "ChessBase"]
[PlyCount "68"]
[EventDate "2021.03.27"]
[EventType "team-tourn"]
[EventCountry "NET"]
[SourceTitle "playchess.com"]
[Source "ChessBase"]
[SourceQuality "1"]
[TimeControl "900+5"]

1. e4 c5 2. Nf3 e6 3. d4 cxd4 4. Nxd4 Nf6 5. Nc3 Nc6 6. Ndb5 Bc5 7. Bf4 O-O 8. Bd6 Bxd6 9. Nxd6 Qb6 10. Nc4 Qc5 11. Qd6 Qg5 12. f4 Qh6 13. O-O-O b5 14. g4 Ne8 15. Qd2 bxc4 16. g5 Qh4 17. Bxc4 Bb7 18. Rhf1 Rd8 19. Qg2 f5 20. Rd3 Qh5 21. Rh3 Qf7 22. exf5 Na5 23. fxe6 dxe6 24. Qe2 Nxc4 25. Rg1 Qxf4+ 26. Kb1 Nd2+ 27. Ka1 Ne4 28. Qh5 Qf5 29. Nd1 Qg6 30. Qe2 Rd2 31. Qc4 N8d6 32. Qc7 Rc8 33. Qd7 Rdxc2 34. Nc3 Qe8 0-1

[Event "European Online Club-ch-G 2021"]
[Site "Online"]
[Date "2021.03.27"]
[Round "8.11"]
[White "Piorun, Kacper"]
[Black "Gasimov, Parviz"]
[Result "1-0"]
[ECO "A45"]
[WhiteElo "2615"]
[BlackElo "2337"]
[Annotator "ChessBase"]
[PlyCount "41"]
[EventDate "2021.03.27"]
[EventType "team-tourn"]
[EventCountry "NET"]
[SourceTitle "playchess.com"]
[Source "ChessBase"]
[SourceQuality "1"]
[TimeControl "900+5"]

1. d4 Nf6 2. Bg5 Ne4 3. h4 c5 4. d5 Qb6 5. Nd2 Nxg5 6. hxg5 g6 7. e4 Qxb2 8. Ngf3 d6 9. Rb1 Qg7 10. e5 Nd7 11. Bb5 a6 12. Bxd7+ Bxd7 13. Rxb7 h6 14. Qb1 Rd8 15. Rxd7 Rxd7 16. e6 fxe6 17. dxe6 Rd8 18. Qb7 Qa1+ 19. Ke2 Bg7 20. Rxa1 Bxa1 21. Qe4 1-0

[Event "European Online Club-ch-G 2021"]
[Site "Online"]
[Date "2021.03.27"]
[Round "8.12"]
[White "Hasanzade, Toghrul"]
[Black "Shchekachev, Andrei"]
[Result "1/2-1/2"]
[ECO "B08"]
[WhiteElo "2322"]
[BlackElo "2515"]
[Annotator "ChessBase"]
[PlyCount "89"]
[EventDate "2021.03.27"]
[EventType "team-tourn"]
[EventCountry "NET"]
[SourceTitle "playchess.com"]
[Source "ChessBase"]
[SourceQuality "1"]
[TimeControl "900+5"]

1. e4 Nc6 2. Nf3 d6 3. d4 Nf6 4. h3 g6 5. Nc3 Bg7 6. Be3 a6 7. Be2 O-O 8. O-O e5 9. dxe5 dxe5 10. a3 b6 11. Bc4 Bb7 12. Qe2 Nd4 13. Nxd4 exd4 14. Rad1 c5 15. Bg5 h6 16. Bxf6 Qxf6 17. Nd5 Qd6 18. c3 b5 19. Ba2 Rae8 20. cxd4 Bxd4 21. Rfe1 Qe5 22. Rd2 c4 23. Qd1 Bxb2 24. f4 Qg7 25. e5 Bxd5 26. Rxd5 Bxa3 27. Rd7 Be7 28. Qf3 Bc5+ 29. Kh1 Rd8 30. Red1 Rxd7 31. Rxd7 Re8 32. Qd5 Qf8 33. Bb1 Re7 34. Rd8 Re8 35. Rxe8 Qxe8 36. Qxc5 Qd8 37. Be4 Qd2 38. Bd5 Qxf4 39. e6 fxe6 40. Bxe6+ Kg7 41. Qe7+ Kh8 42. Qe8+ Kg7 43. Qe7+ Kh8 44. Qe8+ Kg7 45. Qe7+ 1/2-1/2

[Event "European Online Club-ch-G 2021"]
[Site "Online"]
[Date "2021.03.27"]
[Round "8.13"]
[White "Bartel, Mateusz"]
[Black "Borhy, Marcell"]
[Result "1-0"]
[ECO "B27"]
[WhiteElo "2635"]
[BlackElo "2392"]
[Annotator "ChessBase"]
[PlyCount "57"]
[EventDate "2021.03.27"]
[EventType "team-tourn"]
[EventCountry "NET"]
[SourceTitle "playchess.com"]
[Source "ChessBase"]
[SourceQuality "1"]
[TimeControl "900+5"]

1. e4 c5 2. Nf3 b6 3. Bc4 Bb7 4. O-O e6 5. Re1 a6 6. c3 Nf6 7. e5 Nd5 8. d4 b5 9. Bd3 cxd4 10. cxd4 Be7 11. Nc3 d6 12. exd6 Qxd6 13. a4 bxa4 14. Ne4 Qb6 15. Ne5 Nc6 16. Qg4 g6 17. Nxf7 Kxf7 18. Ng5+ Ke8 19. Qxe6 Nd8 20. Qg4 Kf8 21. Ne6+ Nxe6 22. Rxe6 Qb3 23. Bh6+ Ke8 24. Qe2 Kd7 25. Bc2 Qb4 26. Bxa4+ Kc8 27. Qe5 Rg8 28. Rc1+ Kd8 29. Bg5 1-0

[Event "European Online Club-ch-G 2021"]
[Site "Online"]
[Date "2021.03.27"]
[Round "8.14"]
[White "Krstulovic, Alex"]
[Black "Gumularz, Szymon"]
[Result "1/2-1/2"]
[ECO "D02"]
[WhiteElo "2387"]
[BlackElo "2517"]
[Annotator "ChessBase"]
[PlyCount "83"]
[EventDate "2021.03.27"]
[EventType "team-tourn"]
[EventCountry "NET"]
[SourceTitle "playchess.com"]
[Source "ChessBase"]
[SourceQuality "1"]
[TimeControl "900+5"]

1. d4 Nf6 2. Nf3 d5 3. Bf4 c5 4. e3 Nc6 5. Nbd2 cxd4 6. exd4 Bf5 7. Bb5 e6 8. Ne5 Qb6 9. c4 dxc4 10. Bxc6+ bxc6 11. Ndxc4 Qb4+ 12. Bd2 Qb5 13. O-O Be7 14. a4 Qa6 15. Rc1 Be4 16. Bg5 Rd8 17. Qe2 Qxa4 18. Bxf6 gxf6 19. Qxe4 fxe5 20. dxe5 Qb5 21. Rfd1 Rd5 22. Ne3 Rxe5 23. Qd4 O-O 24. Ng4 Rh5 25. Qxa7 Qg5 26. Rc3 Kh8 27. Rg3 Qh4 28. Qe3 Rg8 29. Qc3+ f6 30. h3 Rc5 31. Qf3 Rf5 32. Qxc6 Bc5 33. Rf3 Rfg5 34. Qxe6 R5g6 35. Rf1 h5 36. Rxf6 Qg5 37. Rxg6 Rxg6 38. Qc8+ Rg8 39. Qd7 hxg4 40. Qxg4 Qxg4 41. hxg4 Rxg4 42. Rc1 1/2-1/2

[Event "European Online Club-ch-G 2021"]
[Site "Online"]
[Date "2021.03.27"]
[Round "8.15"]
[White "Mastrovasilis, Dimitrios"]
[Black "Juhasz, Agoston"]
[Result "1-0"]
[ECO "B15"]
[WhiteElo "2609"]
[BlackElo "2356"]
[Annotator "ChessBase"]
[PlyCount "67"]
[EventDate "2021.03.27"]
[EventType "team-tourn"]
[EventCountry "NET"]
[SourceTitle "playchess.com"]
[Source "ChessBase"]
[SourceQuality "1"]
[TimeControl "900+5"]

1. e4 c6 2. d4 d5 3. Nd2 dxe4 4. Nxe4 Nf6 5. Nxf6+ exf6 6. c3 Bd6 7. Bd3 O-O 8. Ne2 Re8 9. O-O Nd7 10. Bf4 Nf8 11. Qd2 Bg4 12. Ng3 Ng6 13. Bxd6 Qxd6 14. f4 Bd7 15. f5 Nf8 16. Rf3 g5 17. fxg6 fxg6 18. Ne4 Rxe4 19. Bxe4 Re8 20. Bc2 Qe7 21. Rff1 Qf7 22. Rae1 Be6 23. Bb3 Bxb3 24. Rxe8 Qxe8 25. axb3 Qf7 26. Qe2 a6 27. b4 Nd7 28. Re1 Kf8 29. Qe3 Nb6 30. Qf4 Nd5 31. Qd6+ Ne7 32. Re6 Ke8 33. Qb8+ Kd7 34. Rd6# 1-0

[Event "European Online Club-ch-G 2021"]
[Site "Online"]
[Date "2021.03.27"]
[Round "8.16"]
[White "Ongut, Tamas Gunes"]
[Black "Wieczorek, Oskar"]
[Result "0-1"]
[ECO "E90"]
[WhiteElo "2314"]
[BlackElo "2498"]
[Annotator "ChessBase"]
[PlyCount "92"]
[EventDate "2021.03.27"]
[EventType "team-tourn"]
[EventCountry "NET"]
[SourceTitle "playchess.com"]
[Source "ChessBase"]
[SourceQuality "1"]
[TimeControl "900+5"]

1. d4 Nf6 2. c4 c5 3. d5 g6 4. Nc3 Bg7 5. e4 d6 6. Bd3 O-O 7. Nf3 e6 8. h3 Na6 9. O-O Nc7 10. Bg5 h6 11. Be3 exd5 12. exd5 b5 13. Qd2 bxc4 14. Bxc4 Kh7 15. a3 Bf5 16. b4 Ne4 17. Nxe4 Bxe4 18. bxc5 Bxa1 19. Rxa1 Bxf3 20. gxf3 dxc5 21. Bxh6 Qf6 22. Rd1 Rfd8 23. Bg5 Qxf3 24. Bxd8 Rxd8 25. Qd3 Qxd3 26. Rxd3 Ne8 27. Bb5 Nd6 28. a4 Kg7 29. Kg2 Kf6 30. f4 Rb8 31. Kf3 Ke7 32. Re3+ Kd8 33. Rc3 Nxb5 34. axb5 Rxb5 35. Ke4 Ke7 36. f5 Rb4+ 37. Ke3 Kd6 38. fxg6 fxg6 39. Ra3 Kxd5 40. Rxa7 Rb3+ 41. Kf4 Rxh3 42. Rg7 Kd4 43. Rxg6 c4 44. Rd6+ Kc3 45. Ke4 Rd3 46. Rc6 Rd8 0-1

[Event "European Online Club-ch-G 2021"]
[Site "Online"]
[Date "2021.03.27"]
[Round "8.17"]
[White "Gazik, Viktor"]
[Black "Harvey, Marcus R"]
[Result "1-0"]
[ECO "A04"]
[WhiteElo "2542"]
[BlackElo "2440"]
[Annotator "ChessBase"]
[PlyCount "119"]
[EventDate "2021.03.27"]
[EventType "team-tourn"]
[EventCountry "NET"]
[SourceTitle "playchess.com"]
[Source "ChessBase"]
[SourceQuality "1"]
[TimeControl "900+5"]

1. e4 e6 2. d3 c5 3. Nf3 Nc6 4. g3 g6 5. Bg2 Bg7 6. O-O Nge7 7. Re1 d6 8. c3 e5 9. a3 O-O 10. b4 h6 11. Nbd2 Be6 12. Nb3 cxb4 13. axb4 a6 14. d4 exd4 15. Nbxd4 Bg4 16. Be3 Ne5 17. Qb3 Nxf3+ 18. Nxf3 Be6 19. Qb2 Nc6 20. Rad1 Qc7 21. Bf4 Ne5 22. Nxe5 dxe5 23. Be3 Rfd8 24. Bf1 Bg4 25. Rd5 Be6 26. Rdd1 Rxd1 27. Rxd1 Rc8 28. Rc1 Qc6 29. Qb1 Bc4 30. Bg2 Kh7 31. Rd1 Be2 32. Rd2 Bb5 33. Bh3 Rc7 34. Bc5 Qf6 35. Qd1 Qg5 36. Rd5 Bc4 37. f4 Qf6 38. Rd6 Qe7 39. Rc6 bxc6 40. Bxe7 Rxe7 41. f5 Bf6 42. Qd6 Kg7 43. fxg6 fxg6 44. Qxc6 Bb5 45. Qc5 h5 46. Bf1 Bxf1 47. Kxf1 Rd7 48. Ke2 Bg5 49. Qxe5+ Bf6 50. Qc5 Re7 51. Qc6 Be5 52. c4 Bc3 53. Qd6 Rb7 54. b5 axb5 55. cxb5 Ra7 56. b6 Ra2+ 57. Kf3 Be1 58. b7 Bf2 59. b8=Q Ba7 60. Qe7+ 1-0

[Event "European Online Club-ch-G 2021"]
[Site "Online"]
[Date "2021.03.27"]
[Round "8.18"]
[White "Greet, Andrew N"]
[Black "Sahidi, Samir"]
[Result "0-1"]
[ECO "B12"]
[WhiteElo "2417"]
[BlackElo "2407"]
[Annotator "NA"]
[PlyCount "116"]
[EventDate "2021.03.27"]
[EventType "team-tourn"]
[EventCountry "NET"]
[SourceTitle "playchess.com"]
[Source "ChessBase"]
[SourceQuality "1"]
[TimeControl "900+5"]

1. e4 c6 2. d4 d5 3. e5 Bf5 4. h4 h6 5. g4 Bd7 6. Nc3 e6 7. f4 c5 8. Nf3 Nc6 9. Be3 c4 10. h5 Bb4 11. Bg2 Bxc3+ 12. bxc3 Qa5 13. Qd2 O-O-O 14. O-O Nge7 15. Bf2 Kb8 16. Bh4 Rdf8 17. Kh1 Nc8 18. Ng1 Ka8 19. f5 Rhg8 20. Ne2 N6e7 21. Bh3 exf5 22. gxf5 f6 23. e6 Be8 24. Ng3 Nd6 25. Rf3 Ne4 26. Nxe4 dxe4 27. Rf4 Bxh5 28. Raf1 Bf3+ 29. R1xf3 exf3 30. Rxf3 g5 31. fxg6 Qh5 32. Qf2 Nxg6 33. e7 Nxe7 34. Kh2 Qd5 35. Re3 Qd8 36. Be6 Nd5 37. Re1 Rg7 38. Qf3 Nb6 39. d5 Qd6+ 40. Bg3 Rxg3 41. Qxg3 Qxg3+ 42. Kxg3 Rd8 43. Rd1 Na4 44. d6 Nxc3 45. Rf1 Rxd6 46. Bxc4 a6 47. Bd3 Nxa2 48. Rb1 Nc3 49. Rb3 Rc6 50. Kf4 Ka7 51. Kf5 b5 52. Bf1 Kb6 53. Bg2 Rc5+ 54. Kxf6 Ne2 55. Be4 Nd4 56. Rh3 h5 57. c3 Ne2 58. Bf3 Rxc3 0-1

[Event "European Online Club-ch-G 2021"]
[Site "Online"]
[Date "2021.03.27"]
[Round "8.19"]
[White "Kostolansky, Sebastian Lukas"]
[Black "Houska, Jovanka"]
[Result "1-0"]
[ECO "B12"]
[WhiteElo "2393"]
[BlackElo "2381"]
[Annotator "NA"]
[PlyCount "95"]
[EventDate "2021.03.27"]
[EventType "team-tourn"]
[EventCountry "NET"]
[SourceTitle "playchess.com"]
[Source "ChessBase"]
[SourceQuality "1"]
[TimeControl "900+5"]

1. e4 c6 2. d4 d5 3. e5 Bf5 4. h4 h5 5. c4 e6 6. Nc3 Ne7 7. Nge2 Nd7 8. Ng3 Bg6 9. Bg5 f6 10. exf6 gxf6 11. Be3 Qb6 12. Be2 Qxb2 13. Rc1 dxc4 14. Bxc4 Nd5 15. Bxd5 exd5 16. O-O Bb4 17. Nce2 Nb6 18. Nf4 Bf7 19. Nd3 Qa3 20. Nxb4 Qxb4 21. Bd2 Qf8 22. Re1+ Kd7 23. Qf3 Re8 24. Rxe8 Bxe8 25. Re1 Nc4 26. Qf5+ Kd8 27. Bf4 Qf7 28. Bb8 Rf8 29. Qf4 b6 30. Nf5 Qd7 31. Re7 Qxe7 32. Nxe7 Kxe7 33. Bxa7 Bd7 34. Qc7 Rc8 35. Qb7 Nd6 36. Qxb6 Ra8 37. Qc7 Rc8 38. Qa5 Ra8 39. Qe1+ Kf7 40. Bc5 Ne4 41. Qe2 Kg6 42. f3 Nxc5 43. dxc5 Kf7 44. Qc2 Kg7 45. a4 Bc8 46. Qb3 Kf7 47. Qb6 Rxa4 48. Qc7+ 1-0

[Event "European Online Club-ch-G 2021"]
[Site "Online"]
[Date "2021.03.27"]
[Round "8.20"]
[White "Sukandar, Irine Kharisma"]
[Black "Haring, Filip"]
[Result "0-1"]
[ECO "B15"]
[WhiteElo "2413"]
[BlackElo "2376"]
[Annotator "NA"]
[PlyCount "40"]
[EventDate "2021.03.27"]
[EventType "team-tourn"]
[EventCountry "NET"]
[SourceTitle "playchess.com"]
[Source "ChessBase"]
[SourceQuality "1"]
[TimeControl "900+5"]

1. e4 c6 2. d4 d5 3. Nc3 dxe4 4. Nxe4 Nf6 5. Nxf6+ exf6 6. c3 Bd6 7. Bd3 O-O 8. Qc2 Re8+ 9. Ne2 h5 10. O-O h4 11. Be3 Nd7 12. Rae1 h3 13. g3 Nf8 14. Nf4 Bxf4 15. Bxf4 Be6 16. a3 Bd5 17. Bd2 Qd7 18. Bf5 Be6 19. Bxe6 Rxe6 20. Qf5 Rxe1 0-1

[Event "European Online Club-ch-G 2021"]
[Site "Online"]
[Date "2021.03.27"]
[Round "9.1"]
[White "Harvey, Marcus R"]
[Black "Altun, Arda"]
[Result "1/2-1/2"]
[ECO "D18"]
[WhiteElo "2440"]
[BlackElo "2074"]
[Annotator "NA"]
[PlyCount "30"]
[EventDate "2021.03.27"]
[EventType "team-tourn"]
[EventCountry "NET"]
[SourceTitle "playchess.com"]
[Source "ChessBase"]
[SourceQuality "1"]
[TimeControl "900+5"]

1. d4 d5 2. Nf3 Nf6 3. c4 c6 4. Nc3 dxc4 5. a4 Bf5 6. e3 e6 7. Bxc4 Bb4 8. O-O Nbd7 9. Qb3 a5 10. Na2 Be7 11. Qxb7 Rb8 12. Qa6 Ra8 13. Qb7 Rb8 14. Qa6 Ra8 15. Qb7 Rb8 1/2-1/2

[Event "European Online Club-ch-G 2021"]
[Site "Online"]
[Date "2021.03.27"]
[Round "9.2"]
[White "Danaci, Ege"]
[Black "Greet, Andrew N"]
[Result "0-1"]
[ECO "C40"]
[WhiteElo "1996"]
[BlackElo "2417"]
[Annotator "NA"]
[PlyCount "35"]
[EventDate "2021.03.27"]
[EventType "team-tourn"]
[EventCountry "NET"]
[SourceTitle "playchess.com"]
[Source "ChessBase"]
[SourceQuality "1"]
[TimeControl "900+5"]

1. e4 e5 2. Nf3 d5 3. Nxe5 Bd6 4. d4 dxe4 5. Nc4 Nf6 6. Be2 Nc6 7. O-O Nxd4 8. Be3 Nxe2+ 9. Qxe2 Bg4 10. Qd2 Be7 11. Nc3 Qxd2 12. Nxd2 Bf5 13. Rfe1 O-O-O 14. Bg5 Rhe8 15. Ndxe4 Nxe4 16. Nxe4 Bxe4 17. Bxe7 Rxe7 18. f4 0-1

[Event "European Online Club-ch-G 2021"]
[Site "Online"]
[Date "2021.03.27"]
[Round "9.3"]
[White "Derakhshani, Borna"]
[Black "Yildirim, Ibrahim Halil"]
[Result "0-1"]
[ECO "D02"]
[WhiteElo "2373"]
[BlackElo "1783"]
[Annotator "NA"]
[PlyCount "106"]
[EventDate "2021.03.27"]
[EventType "team-tourn"]
[EventCountry "NET"]
[SourceTitle "playchess.com"]
[Source "ChessBase"]
[SourceQuality "1"]
[TimeControl "900+5"]

1. d4 d5 2. Bf4 Nf6 3. Nf3 c5 4. e3 Nc6 5. c3 Qb6 6. Qb3 c4 7. Qc2 Bf5 8. Qc1 h6 9. h3 e6 10. Nbd2 Be7 11. Be2 O-O 12. O-O Rfc8 13. Bd1 Qd8 14. Bc2 Bxc2 15. Qxc2 b5 16. Rfe1 b4 17. Qa4 Bd6 18. Bxd6 Qxd6 19. e4 Qf8 20. e5 Nd7 21. Qc2 a5 22. Nh4 bxc3 23. bxc3 Rcb8 24. f4 Qa3 25. f5 Qb2 26. Rac1 Nxd4 27. Qd1 Nxf5 28. Nxf5 exf5 29. Nxc4 dxc4 30. Qxd7 Qb6+ 31. Kh1 Qe6 32. Qa4 Rb2 33. Rcd1 Rab8 34. Rd6 Rb1 35. Rxe6 Rxe1+ 36. Kh2 fxe6 37. Qxa5 Rb2 38. a4 Ree2 39. Qa8+ Kh7 40. a5 Rxe5 41. a6 Ra5 42. Qc6 Rba2 43. Qxe6 Rxa6 44. Qxc4 Ra1 45. Qd5 R1a5 46. Qc4 Rd6 47. Qb4 Rad5 48. c4 Rd4 49. Qb5 Rf6 50. c5 Rd5 51. Kg3 f4+ 52. Kf3 Rff5 53. Qd3 Rxd3+ 0-1

[Event "European Online Club-ch-G 2021"]
[Site "Online"]
[Date "2021.03.27"]
[Round "9.5"]
[White "Persanyi, Barnabas"]
[Black "Gazik, Viktor"]
[Result "0-1"]
[ECO "A49"]
[WhiteElo "2364"]
[BlackElo "2542"]
[Annotator "ChessBase"]
[PlyCount "118"]
[EventDate "2021.03.27"]
[EventType "team-tourn"]
[EventCountry "NET"]
[SourceTitle "playchess.com"]
[Source "ChessBase"]
[SourceQuality "1"]
[TimeControl "900+5"]

1. Nf3 Nf6 2. g3 g6 3. b3 d6 4. d4 a5 5. Bb2 Bg7 6. Bg2 O-O 7. O-O c6 8. a4 Qc7 9. Nbd2 Na6 10. e4 Re8 11. Qe2 Bg4 12. h3 Bxf3 13. Bxf3 e5 14. dxe5 dxe5 15. Rfd1 Nb4 16. Nc4 Bf8 17. Kg2 Bc5 18. Rd2 Na6 19. h4 h5 20. Rad1 Bb4 21. Rd3 Nc5 22. Re3 Ncd7 23. Red3 Nb6 24. Nxb6 Qxb6 25. Qe3 Qc7 26. Qg5 Qe7 27. Qe3 Bc5 28. Qe2 Kg7 29. Qd2 Kg8 30. Qc1 b6 31. Qh6 Qe6 32. Bc3 b5 33. Qd2 bxa4 34. Bxa5 axb3 35. Rxb3 Bd4 36. Bc3 c5 37. Bxd4 cxd4 38. Rdb1 Rec8 39. c3 Ra4 40. Rb8 Rxb8 41. Rxb8+ Kg7 42. cxd4 Rxd4 43. Qc2 Rc4 44. Qd3 Rc8 45. Rxc8 Qxc8 46. Bd1 Qb7 47. f3 Qb2+ 48. Qe2 Qc3 49. Qc2 Qd4 50. Be2 Nd7 51. Qd3 Qb2 52. Kf1 Nc5 53. Qd5 Nb3 54. Bc4 Nd2+ 55. Ke1 Qc1+ 56. Ke2 Nxc4 57. f4 Qe3+ 58. Kd1 Qf3+ 59. Kc1 Qf1+ 0-1

[Event "European Online Club-ch-G 2021"]
[Site "Online"]
[Date "2021.03.27"]
[Round "9.6"]
[White "Sahidi, Samir"]
[Black "Krstulovic, Alex"]
[Result "1-0"]
[ECO "A25"]
[WhiteElo "2407"]
[BlackElo "2387"]
[Annotator "NA"]
[PlyCount "155"]
[EventDate "2021.03.27"]
[EventType "team-tourn"]
[EventCountry "NET"]
[SourceTitle "playchess.com"]
[Source "ChessBase"]
[SourceQuality "1"]
[TimeControl "900+5"]

1. c4 e5 2. Nc3 Nc6 3. g3 Bc5 4. Bg2 a6 5. e3 d6 6. Nge2 Ba7 7. O-O h5 8. h3 h4 9. g4 f5 10. f3 Be6 11. b3 Nge7 12. d4 exd4 13. exd4 Qd7 14. Kh1 Bf7 15. Be3 O-O 16. Qd2 Rae8 17. Rae1 Ng6 18. Bg1 Qc8 19. d5 Bxg1 20. Rxg1 fxg4 21. fxg4 Nce5 22. Nd4 Qd8 23. Rgf1 Kh8 24. Ne4 Bg8 25. Rf5 Rxf5 26. gxf5 Nf8 27. Ne6 Bxe6 28. fxe6 Nh7 29. Qe2 Rf8 30. Rf1 Rxf1+ 31. Qxf1 Qe7 32. Qf2 g5 33. c5 g4 34. cxd6 cxd6 35. hxg4 Nxg4 36. Qb6 Qg7 37. Qd8+ Nf8 38. Qxh4+ Nh7 39. Bf3 Qa1+ 40. Kg2 Ne3+ 41. Kf2 Nxd5 42. Qd8+ Kg7 43. Qd7+ Kh6 44. Qxd6 Qd4+ 45. Kg2 Ne3+ 46. Kf2 Nd5+ 47. Kg3 Qg1+ 48. Bg2 Qe3+ 49. Kh2 Ndf6 50. Qg3 Qxg3+ 51. Kxg3 Kg7 52. Nd6 Kf8 53. Nxb7 Ke7 54. Nc5 a5 55. Kf4 Nf8 56. Kf5 Ne8 57. Ke5 Ng6+ 58. Kd4 Nc7 59. Bd5 Nf4 60. Bc4 Kd6 61. Nb7+ Kc6 62. Nxa5+ Kb6 63. b4 Nfxe6+ 64. Bxe6 Nxe6+ 65. Kc4 Nc7 66. a4 Na6 67. Nb3 Nb8 68. a5+ Ka7 69. b5 Nd7 70. Nc5 Ne5+ 71. Kd5 Ng6 72. b6+ Kb8 73. a6 Ne7+ 74. Ke6 Nc6 75. Kd6 Na5 76. Nd7+ Ka8 77. Ne5 Kb8 78. Nc6+ 1-0

[Event "European Online Club-ch-G 2021"]
[Site "Online"]
[Date "2021.03.27"]
[Round "9.7"]
[White "Karacsonyi, Gellert"]
[Black "Kostolansky, Sebastian Lukas"]
[Result "0-1"]
[ECO "B07"]
[WhiteElo "2321"]
[BlackElo "2393"]
[Annotator "NA"]
[PlyCount "60"]
[EventDate "2021.03.27"]
[EventType "team-tourn"]
[EventCountry "NET"]
[SourceTitle "playchess.com"]
[Source "ChessBase"]
[SourceQuality "1"]
[TimeControl "900+5"]

1. e4 d6 2. d4 Nf6 3. Nc3 g6 4. Bf4 Bg7 5. Qd2 c6 6. O-O-O b5 7. f3 O-O 8. Bh6 b4 9. Nce2 Qa5 10. Kb1 c5 11. h4 cxd4 12. Bxg7 Kxg7 13. Nxd4 h5 14. Nh3 Na6 15. Be2 Nc5 16. Nf2 Qb6 17. g4 e5 18. Nf5+ Bxf5 19. gxf5 Na4 20. Bc4 Nc3+ 21. Ka1 Nxd1 22. Nxd1 Qd4 23. Qe2 d5 24. Bd3 dxe4 25. fxe4 a5 26. Ne3 a4 27. fxg6 fxg6 28. Rg1 Ng4 29. Rg3 Nxe3 30. Qxe3 Rf1+ 0-1